 Dungeon Crawl Stone Soup version 0.24.0-123-gd5b16e6ec5 (webtiles) character file.

Game seed: 1816351337718893500, levelgen mode: deterministic

29264 Bergy the Bludgeoner (level 13, -6/77 HPs)
             Began as a Gargoyle Fighter on Dec 30, 2019.
             Was an Elder of Makhleb.
             Mangled by a salamander
             ... wielding a +0 halberd
              (14 damage)
             ... on level 2 of the Snake Pit.
             The game lasted 00:58:54 (15849 turns).

Bergy the Bludgeoner (Gargoyle Fighter)            Turns: 15849, Time: 00:58:54

Health: -6/77      AC: 23    Str: 24    XL:     13   Next: 44%
Magic:  13/13      EV:  5    Int: 10    God:    Makhleb [****..]
Gold:   876        SH: 19    Dex:  9    Spells: 12/12 levels left

rFire    . . .     SeeInvis .   w - +4 morningstar (holy)
rCold    . . .     Gourm    .   z - +0 large shield
rNeg     + + .     Faith    .   C - quicksilver dragon scales
rPois    ∞         Spirit   .   (no helmet)
rElec    +         Reflect  .   v - scarf {repulsion}
rCorr    .         Harm     .   (no gloves)
MR       +....                  (no boots)
Stlth    ..........             (no amulet)
HPRegen  0.22/turn              r - ring of positive energy
MPRegen  0.13/turn              (no ring)

@: constricted, repel missiles
A: iridescent scales 1, negative energy resistance 1, sense surroundings 1,
electricity resistance, unbreathing, petrification resistance, rot immunity,
MP-powered wands, AC +9
a: Minor Destruction, Lesser Servant of Makhleb, Major Destruction, Renounce
Religion


You were on level 2 of the Snake Pit.
You worshipped Makhleb.
Makhleb was greatly pleased with you.
You were hungry.

You visited 4 branches of the dungeon, and saw 18 of its levels.

You collected 932 gold pieces.
You spent 56 gold pieces at shops.

Inventory:

Hand Weapons
 w - a +4 morningstar of holy wrath (weapon)
Armour
 v - a scarf of repulsion (worn)
 z - a +0 large shield (worn)
 C - quicksilver dragon scales (worn)
 D - a +0 cloak
 P - a +0 pair of gloves
Jewellery
 r - a ring of positive energy (left hand)
Wands
 a - a wand of disintegration (15)
 b - a wand of iceblast (29)
 h - a wand of digging (5)
 s - a wand of acid (7)
 E - a wand of flame (19)
 J - a wand of paralysis (12)
 L - a wand of enslavement (8)
Scrolls
 d - 6 scrolls of teleportation
 j - a scroll of magic mapping {unknown}
 m - 7 scrolls of remove curse
 t - a scroll of blinking {unknown}
 x - a scroll of summoning {unknown}
 y - 3 scrolls of fear
 F - a scroll of acquirement {unknown}
 G - a scroll of noise {unknown}
 O - a scroll of identify
Potions
 e - 3 potions of haste
 g - 4 potions of brilliance
 i - 2 potions of mutation
 k - 5 potions of curing
 l - a potion of resistance
 n - a potion of magic
 o - 2 potions of flight
 p - 3 potions of cancellation
 q - a potion of agility {unknown}
 u - a potion of ambrosia {unknown}
 A - a potion of berserk rage
 B - 2 potions of lignification
 H - a potion of heal wounds
 M - a potion of invisibility {unknown}
 Q - a potion of might
Comestibles
 f - 20 rations


   Skills:
 + Level 7.6 Fighting
 - Level 16.1 Maces & Flails
 + Level 7.2 Armour
 * Level 13.4 Shields


You had 12 spell levels left.
You didn't know any spells.
Your spell library contained the following spells:

 Spells                   Type           Power        Failure   Level  Hunger
 Corona                   Hex            #......      94%         1    ##.....
 Infusion                 Chrm           #...         94%         1    ##.....
 Magic Dart               Conj           #...         94%         1    ##.....
 Sting                    Conj/Pois      #...         94%         1    ##.....
 Poisonous Vapours        Pois/Air       #.....       98%         2    ###....
 Searing Ray              Conj           #.....       98%         2    ###....
 Shroud of Golubria       Chrm/Tloc      #.....       98%         2    ###....
 Slow                     Hex            #.......     98%         2    ###....
 Song of Slaying          Chrm           #.......     98%         2    ###....
 Dazzling Spray           Conj/Hex       #.....       100%        3    ####...
 Inner Flame              Hex/Fire       #.......     100%        3    ####...
 Mephitic Cloud           Conj/Pois/Air  #.......     100%        3    ####...
 Portal Projectile        Hex/Tloc       #.....       100%        3    ####...
 Regeneration             Chrm/Necr      #.........   100%        3    ####...
 Spectral Weapon          Hex/Chrm       #.......     100%        3    ####...
 Cause Fear               Hex            #.........   100%        4    #####..
 Force Lance              Conj/Tloc      #.......     100%        4    #####..
 Fulminant Prism          Conj/Hex       #.........   100%        4    #####..
 Iskenderun's Mystic Bla  Conj           #.......     100%        4    #####..
 Leda's Liquefaction      Hex/Erth       #.........   100%        4    #####..
 Olgreb's Toxic Radiance  Pois           #.......     100%        4    #####..
 Silence                  Hex/Air        #.........   100%        5    ######.
 Venom Bolt               Conj/Pois      #.........   100%        5    ######.
 Yara's Violent Unravell  Hex/Tmut       #.........   100%        5    ######.
 Deflect Missiles         Chrm/Air       #.........   100%        6    #######
 Discord                  Hex            #.........   100%        8    #######


Dungeon Overview and Level Annotations

Branches:
Dungeon (11/15)            Temple (1/1) D:4            Lair (4/6) D:10
  Swamp (0/4) Lair:3        Snake (2/4) Lair:3
    Orc: D:9-12

Altars:
Ashenzari
Cheibriados
Dithmenos
Elyvilon
Fedhas
Gozag
Hepliaklqana
Kikubaaqudgha
Makhleb
Nemelex Xobeh
Okawaru
Qazlal
Ru
Sif Muna
Trog
Uskayaw
Vehumet
Wu Jian
Xom
Yredelemnul
Zin
The Shining One

Shops:
D:5 (   D:10 ?

Annotations:
D:10 3 runed translucent doors, 1 transporter, mys's ghost, journeyman DrTm


Innate Abilities, Weirdness & Mutations

You are resistant to torment.
Your stone body is resilient. (AC +9)
You are immune to poison.
You resist negative energy. (rN+)
You are resistant to electric shocks. (rElec)
You can survive without breathing.
You are immune to petrification.
You are immune to rotting.
You are partially covered in iridescent scales. (AC +2)
You passively map a small area around you.
You expend magic power (3 MP) to strengthen your wands.


Message History

The naga warrior hits you with a +0 scimitar.
The naga warrior constricts you. The naga warrior blocks your attack.
The naga warrior is heavily wounded.
You block the salamander's attack. You block the naga warrior's attack.
The naga warrior constricts you. The naga warrior blocks your attack.
The naga warrior is heavily wounded.
The salamander hits you but does no damage.
The naga warrior blocks your attack.
The naga warrior is heavily wounded.
The naga warrior hits you with a +0 scimitar!
* * * LOW HITPOINT WARNING * * *
The naga warrior constricts you.
You puncture the naga warrior!
The naga warrior is severely wounded.
The salamander hits you from afar with a +0 halberd.
* * * LOW HITPOINT WARNING * * *
You are engulfed in flames!
You die...

...
#..N.N..................
,..
..#.......................
, ,
.........................#
#.........................
...##........#........##..
., #.......#.###......##..
#.#.##N##..###.....#.## ,
,..##. #N###.##..###...##
,*##. #. #@# ##...##
#....# # .# #.# #..##
#...## *, ### #### #.###
### , , , ,


You could see a naga warrior and a salamander.

Vanquished Creatures
  A hydra (Lair:3)
  3 naga warriors
  An anaconda (Snake:2)
  2 shock serpents (Snake:1)
  2 naga sharpshooters (Snake:1)
  2 salamander mystics (Snake:1)
  A naga ritualist (Snake:2)
  A mana viper (Snake:2)
  2 salamanders (Snake:1)
  11 black mambas
  4 naga magi (Snake:1)
  A gargoyle (D:10)
  3 spiny frogs
  2 trolls
  Grinder (D:3)
  3 hippogriffs
  2 bog bodies (Lair:3)
  A wraith (D:10)
  A wyvern (D:10)
  Sigmund (D:3)
  12 yaks
  A vampire (D:9)
  Eustachio (D:4)
  A hungry ghost (D:7)
  2 basilisks (D:10)
  16 nagas
  2 swamp worms (Lair:3)
  13 water moccasins
  7 porcupines
  A black bear (D:9)
  2 orc warriors (D:10)
  3 sky beasts
  3 ice beasts
  2 necrophages
  6 ogres
  10 centaurs
  7 crocodiles
  A big kobold (D:10)
  13 bullfrogs
  A gnoll sergeant (D:7)
  2 scorpions
  2 electric eels
  3 howler monkeys (D:7)
  6 crimson imps
  A jelly (D:7)
  2 quasits
  2 bullfrog zombies
  A centaur zombie (D:7)
  6 hounds
  7 orc priests
  A bullfrog skeleton (D:6)
  An iguana (D:10)
  5 orc wizards
  5 worker ants
  A howler monkey zombie (D:7)
  A worker ant zombie (D:8)
  5 gnolls
  2 howler monkey skeletons
  12 adders
  3 shadow imps
  An ooze (D:6)
  2 adder skeletons
  3 worms
  A dart slug (D:1)
  4 leopard geckos
  41 orcs
  7 giant cockroaches
  4 goblins
  5 hobgoblins
  3 jackals (D:5)
  11 kobolds
  2 quokkas (D:3)
  3 ball pythons
  9 bats
  4 frilled lizards
  A giant cockroach zombie (D:5)
  A leopard gecko skeleton (D:8)
  7 rats
326 creatures vanquished.

Vanquished Creatures (collateral kills)
  An anaconda (Snake:1)
  A salamander (Snake:1)
  A naga mage (Snake:1)
  2 nagas (Snake:1)
  An iguana (D:10)
6 creatures vanquished.

Vanquished Creatures (others)
  A bush (D:10)
  3 fungi
  14 plants (D:10)
18 creatures vanquished.

Grand Total: 350 creatures vanquished

Notes
Turn   | Place    | Note
-------+----------+-------------------------------------------
     0 | D:1      | Bergy the Gargoyle Fighter began the quest for the Orb.
     0 | D:1      | Reached XP level 1. HP: 14/14 MP: 1/1
   215 | D:1      | Reached XP level 2. HP: 19/19 MP: 2/2
   345 | D:1      | Reached skill level 3 in Maces & Flails
   862 | D:2      | Reached XP level 3. HP: 23/23 MP: 3/3
  1386 | D:2      | Found a glowing golden altar of the Shining One.
  1528 | D:2      | Reached skill level 4 in Maces & Flails
  1766 | D:3      | Found a faded altar of an unknown god.
  1766 | D:3      | Noticed Grinder
  1786 | D:3      | Killed Grinder
  1786 | D:3      | Reached skill level 6 in Maces & Flails
  1786 | D:3      | Reached XP level 4. HP: 14/28 MP: 4/4
  1786 | D:3      | Reached XP level 5. HP: 16/32 MP: 5/5
  1786 | D:3      | Reached XP level 6. HP: 19/37 MP: 6/6
  2078 | D:3      | Noticed Sigmund
  2090 | D:3      | Killed Sigmund
  2090 | D:3      | Reached skill level 7 in Maces & Flails
  2662 | D:4      | Reached XP level 7. HP: 41/41 MP: 7/7
  2818 | D:4      | Found a staircase to the Ecumenical Temple.
  2845 | Temple   | Entered the Ecumenical Temple
  3012 | Temple   | Became a worshipper of Makhleb the Destroyer
  3235 | D:4      | Noticed Eustachio
  3286 | D:4      | Killed Eustachio
  3286 | D:4      | Reached skill level 8 in Maces & Flails
  3905 | D:5      | Entered Level 5 of the Dungeon
  3961 | D:5      | Found a shattered altar of Ashenzari.
  3978 | D:5      | Gained mutation: You are partially covered in iridescent
                  | scales. (AC +2) [potion of mutation]
  3978 | D:5      | Gained mutation: You expend magic power (3 MP) to
                  | strengthen your wands. [potion of mutation]
  3978 | D:5      | Gained mutation: You passively map a small area around you.
                  | [potion of mutation]
  4292 | D:5      | Found Buckaloo's Antique Weapon Emporium.
  4415 | D:5      | Reached skill level 9 in Maces & Flails
  4415 | D:5      | Reached XP level 8. HP: 31/46 MP: 8/8
  4512 | D:5      | You fall into a shaft and drop 1 floor!
  4808 | D:5      | Found a shimmering blue altar of Sif Muna.
  5115 | D:6      | Reached skill level 10 in Maces & Flails
  5420 | D:6      | Reached * piety under Makhleb
  5462 | D:6      | Found a shimmering altar of Xom.
  5716 | D:7      | Reached skill level 11 in Maces & Flails
  5730 | D:7      | Reached XP level 9. HP: 43/51 MP: 9/9
  5830 | D:7      | Noticed a troll
  5852 | D:7      | Killed a troll
  6034 | D:7      | Reached skill level 12 in Maces & Flails
  6292 | D:7      | Reached ** piety under Makhleb
  6792 | D:8      | Found an ancient bone altar of Kikubaaqudgha.
  6921 | D:8      | Reached skill level 13 in Maces & Flails
  6985 | D:8      | Found a white marble altar of Elyvilon.
  6985 | D:8      | Found an ornate altar of the Wu Jian Council.
  6993 | D:8      | Found a sacrificial altar of Ru.
  6997 | D:8      | Found a hazy altar of Hepliaklqana.
  6999 | D:8      | Found a faded altar of an unknown god.
  7280 | D:8      | Reached XP level 10. HP: 56/56 MP: 10/10
  8160 | D:9      | Reached skill level 14 in Maces & Flails
  8286 | D:10     | Entered Level 10 of the Dungeon
  8286 | D:10     | Found a runed translucent gate.
  8286 | D:10     | Found Wuad's Magic Scroll Shoppe.
  8286 | D:10     | Found a runed translucent gate.
  8286 | D:10     | Found a runed translucent gate.
  8286 | D:10     | Noticed a ten-headed hydra
  8286 | D:10     | Noticed a ten-headed hydra
  8286 | D:10     | Noticed mys's ghost (journeyman DrTm)
  8297 | D:10     | Bought a scroll of fear for 56 gold pieces
  8349 | D:10     | Reached *** piety under Makhleb
  8706 | D:10     | Reached skill level 15 in Maces & Flails
  8874 | D:10     | Found a staircase to the Lair.
  8897 | D:10     | Found a transporter.
  8912 | D:10     | Reached XP level 11. HP: 60/60 MP: 11/11
  9068 | D:10     | Reached skill level 5 in Shields
  9194 | D:10     | Noticed an orc sorcerer
  9214 | D:10     | Found a transporter.
  9821 | Lair:1   | Entered Level 1 of the Lair of Beasts
 10108 | Lair:1   | Got a faintly glowing long sword
 10136 | Lair:1   | Reached skill level 16 in Maces & Flails
 10147 | Lair:1   | Reached **** piety under Makhleb
 10413 | Lair:1   | Identified the +3 long sword "Justautt" {flame, rC+ rN+
                  | Dex+5} (You found it on level 1 of the Lair of Beasts)
 10624 | Lair:2   | Got an ichor-stained mace
 10625 | Lair:2   | Identified the cursed +0 mace of the Badger {crush, rElec
                  | MR- Int+3} (You found it on level 2 of the Lair of Beasts)
 10657 | Lair:2   | You fall into a shaft and drop 2 floors!
 11184 | Lair:2   | Found an ornate altar of the Wu Jian Council.
 11651 | Lair:3   | Found a staircase to the Snake Pit.
 11788 | Lair:3   | Noticed an eight-headed hydra
 11794 | Lair:3   | Killed an eight-headed hydra
 11845 | Lair:3   | Reached XP level 12. HP: 65/67 MP: 12/12
 11854 | Lair:3   | Found a staircase to the Swamp.
 11865 | Lair:3   | Reached ***** piety under Makhleb
 12443 | Snake:1  | Entered Level 1 of the Snake Pit
 12473 | Snake:1  | Noticed a naga sharpshooter
 12481 | Snake:1  | Noticed a naga sharpshooter
 12500 | Snake:1  | Killed a naga sharpshooter
 12500 | Snake:1  | Reached skill level 5 in Armour
 12515 | Snake:1  | Killed a naga sharpshooter
 12515 | Snake:1  | Reached skill level 5 in Fighting
 12515 | Snake:1  | Reached skill level 10 in Shields
 13055 | Snake:1  | Noticed a shock serpent
 13055 | Snake:1  | Noticed an anaconda
 13070 | Snake:1  | Killed an anaconda
 13134 | Snake:1  | Killed a shock serpent
 13246 | Snake:1  | Noticed a shock serpent
 13335 | Snake:1  | Killed a shock serpent
 13702 | Snake:2  | Reached XP level 13. HP: 76/76 MP: 13/13
 13857 | Snake:1  | Found a burning altar of Makhleb.
 14184 | Snake:1  | You fall into a shaft and drop 1 floor!
 15849 | Snake:2  | Mangled by a salamander

Levels and vault maps discovered:
D:1:      moated_graveyard_arrival, layout_loops_cross
D:2:      layout_basic, tso_oasis_becter, first_ration
D:3:      layout_basic, chequers_ecumenical_altar_simple_redux, uniq_sigmund,
          uniq_grinder
D:4:      layout_loops_ring, minmay_temple_entry_slanted, uniq_eustachio
D:5:      layout_loops_ring, lemuel_blue_sif_altar, serial_shops,
          nicolae_shop_temple_entry_statues_fountains,
          nicolae_ashenzari_panopticon
D:6:      layout_cave_pools, xom_butterflies, roderic_roman_lattice
D:7:      layout_basic
D:8:      layout_basic, chequers_temple_overflow_minitemple,
          nicolae_overflow_crystal_walls
D:9:      layout_gridville, special_room [special_room_orc]
D:10:     gammafunk_wand_slinger, layout_loops_ring, minmay_lair_entry_grove,
          serial_shops, shop, gammafunk_ghost_hydra_chop
D:11:     layout_basic, serial_shops, shop, uniq_sonja
Temple:   eino_narrow_crystal_temple
Lair:1:   layout_misc_corridors
Lair:2:   layout_misc_corridors, lemuel_centaur_altar, infiniplex_staircase_pool
Lair:3:   layout_cave_shapes, nicolae_swamp_entry_splash_gauntlet,
          minmay_snake_entry_six_corridors
Lair:4:   cheibrodos_magma_flow, layout_gridlike
Snake:1:  hangedman_cross_stitches, layout_rooms, basic_altar
Snake:2:  layout_cave_shapes, statue_in_the_mist_lemuel, grunt_megastairs_2

Skill      XL: |  1  2  3  4  5  6  7  8  9 10 11 12 13 |
---------------+----------------------------------------+-----
Maces & Flails | 3 6 7 9 11 13 15 16 | 16.1
Shields        | 4 8 12 13 | 13.4
Fighting       | 4 6 7 |  7.6
Armour         | 4 6 7 |  7.2

Action                   |  1- 3 |  4- 6 |  7- 9 | 10-12 | 13-15 || total
-------------------------+-------+-------+-------+-------+-------++-------
Melee: Flail             |   170 |    60 |   125 |       |       ||   355
       Morningstar       |       |       |   231 |   778 |   210 ||  1219
Invok: Lesser Servant of |       |       |       |     9 |     1 ||    10
  Use: Potion            |     2 |     1 |     3 |     3 |     2 ||    11
       Scroll            |       |     1 |     4 |    14 |     5 ||    24
 Stab: Distracted        |       |       |       |     1 |       ||     1
  Eat: Chunk             |     2 |       |    11 |    17 |     1 ||    31
       Ration            |       |     1 |     1 |     2 |     1 ||     5
Armor: Scale mail        |   123 |    21 |       |       |       ||   144
       Ring mail         |       |       |   150 |       |       ||   150
       Quicksilver drago |       |       |    30 |   291 |    39 ||   360
       Skin              |       |       |     4 |       |       ||     4
Dodge: Dodged            |    66 |    28 |   138 |   206 |    43 ||   481
       Deflected         |       |       |     6 |    33 |     6 ||    45
Block: Shield            |   100 |    25 |   184 |   431 |    71 ||   811
       Large shield      |       |       |       |       |    64 ||    64
